General information
- name: BNet
- type: Ladder team game (AT/RT)
- host: Battle.net
- saver: Blahsmack
map: SunrockCove
- players: 6
- length: 51:44
- speed: Fast
- version: 1.21 W3XP
- replay type: Public
» download(206 KB)
Players
team 1 (winner)
Chozzet (
blue | 46 APM | 160 actions | 03:29)
1 Warden
1 Shadow Strike
» actions
| Assign group hotkey | 10 | |
| Build / train | 16 | |
| Enter build submenu | 7 | |
| Enter hero's abilities submenu | 1 | |
| Right click | 48 | |
| Select / deselect | 64 | |
| Select group hotkey | 7 | |
| Use ability | 7 | |
160 total
» units
» buildings
| Altar of Elders | 1 | |
| Moon Well | 3 | |
| Ancient of War | 1 | |
| Tree of Ages | 1 | |
| Hunter's Hall | 1 | |
7 total
» build order
00:03 Altar of Elders
00:05 Moon Well
00:45 Ancient of War
01:29 Moon Well
02:00 Moon Well
02:44 Tree of Ages
03:16 Hunter's Hall
Blahsmack (
teal | 44 APM | 2264 actions | 51:44)
6 Blood Mage
3 Flame Strike
2 Siphon Mana
1 Summon Phoenix
1 Warden
1 Blink
» actions
| Basic commands | 152 | |
| Build / train | 182 | |
| Enter build submenu | 79 | |
| Enter hero's abilities submenu | 7 | |
| Give item / drop item | 4 | |
| Remove unit from queue | 8 | |
| Right click | 732 | |
| Select / deselect | 682 | |
| Use ability | 417 | |
2264 total
» units
| Peasant | 35 | |
| Huntress | 2 | |
| Goblin Zeppelin | 4 | |
| Goblin Shredder | 5 | |
| Dragonhawk Rider | 3 | |
| Sorceress | 2 | |
51 total
» upgrades
| Upgrade Moon Glaive | 1 | |
| Masonry | 3 | |
| Lumber Harvesting | 2 | |
| Magic Sentry | 1 | |
| Sorceress Training | 2 | |
| Swords | 3 | |
| Armor | 3 | |
| Cloud | 1 | |
| Animal War Training | 1 | |
| Backpack | 1 | |
18 total
» buildings
| Altar of Kings | 2 | |
| Lumber Mill | 5 | |
| Farm | 3 | |
| Scout Tower | 320 | |
| Guard Tower | 91 | |
| Town Hall | 5 | |
| Moon Well | 4 | |
| Keep | 2 | |
| Arcane Sanctum | 2 | |
| Castle | 2 | |
| Gryphon Aviary | 3 | |
| Arcane Vault | 1 | |
| Blacksmith | 1 | |
| Barracks | 1 | |
442 total
» build order
00:12 Altar of Kings
00:20 Lumber Mill
00:30 Farm
00:39 Farm
00:59 Scout Tower
01:10 Scout Tower
01:37 Guard Tower
01:54 Guard Tower
03:26 Town Hall
03:29 Scout Tower
03:32 Scout Tower
03:34 Scout Tower
03:35 Scout Tower
03:37 Scout Tower
03:40 Scout Tower
04:37 Farm
04:42 Scout Tower
04:44 Scout Tower
06:01 Town Hall
06:10 Guard Tower
06:24 Moon Well
06:32 Moon Well
07:11 Keep
07:19 Scout Tower
07:19 Scout Tower
07:21 Scout Tower
07:23 Scout Tower
07:24 Scout Tower
07:28 Scout Tower
07:36 Lumber Mill
08:32 Guard Tower
08:47 Scout Tower
08:58 Guard Tower
08:58 Guard Tower
09:21 Guard Tower
09:21 Guard Tower
09:43 Guard Tower
10:14 Guard Tower
10:17 Guard Tower
11:18 Moon Well
11:51 Arcane Sanctum
11:54 Castle
12:45 Gryphon Aviary
12:46 Gryphon Aviary
13:08 Moon Well
18:08 Lumber Mill
18:47 Scout Tower
18:48 Scout Tower
18:50 Scout Tower
18:53 Scout Tower
19:01 Scout Tower
19:05 Scout Tower
19:06 Scout Tower
19:13 Scout Tower
20:04 Guard Tower
20:08 Scout Tower
20:14 Scout Tower
20:15 Scout Tower
20:16 Scout Tower
20:24 Scout Tower
20:30 Scout Tower
20:31 Scout Tower
20:32 Scout Tower
20:33 Scout Tower
20:37 Scout Tower
20:37 Scout Tower
20:38 Scout Tower
20:39 Scout Tower
20:40 Scout Tower
20:41 Scout Tower
20:43 Guard Tower
20:43 Guard Tower
20:53 Lumber Mill
21:20 Scout Tower
21:22 Scout Tower
21:25 Scout Tower
21:26 Scout Tower
21:32 Scout Tower
21:33 Scout Tower
21:34 Scout Tower
21:35 Scout Tower
21:38 Scout Tower
21:38 Scout Tower
21:39 Scout Tower
21:41 Scout Tower
21:41 Scout Tower
21:42 Scout Tower
21:43 Scout Tower
21:44 Scout Tower
21:45 Scout Tower
21:46 Scout Tower
22:01 Guard Tower
22:04 Scout Tower
22:05 Scout Tower
22:06 Scout Tower
22:15 Scout Tower
22:20 Scout Tower
22:21 Scout Tower
22:24 Guard Tower
22:56 Guard Tower
23:01 Guard Tower
23:09 Scout Tower
23:10 Scout Tower
23:12 Scout Tower
23:15 Scout Tower
23:16 Scout Tower
23:17 Scout Tower
23:43 Town Hall
23:51 Guard Tower
24:00 Guard Tower
24:03 Scout Tower
24:08 Scout Tower
24:09 Scout Tower
24:10 Scout Tower
24:14 Scout Tower
24:35 Scout Tower
24:36 Scout Tower
24:37 Scout Tower
24:38 Scout Tower
24:47 Scout Tower
24:48 Guard Tower
24:56 Guard Tower
25:09 Scout Tower
25:11 Scout Tower
25:13 Scout Tower
25:14 Scout Tower
25:15 Scout Tower
25:20 Scout Tower
25:25 Scout Tower
25:26 Scout Tower
25:27 Scout Tower
25:36 Guard Tower
25:39 Scout Tower
25:43 Scout Tower
25:44 Scout Tower
25:46 Scout Tower
26:10 Guard Tower
26:14 Scout Tower
26:15 Scout Tower
26:16 Scout Tower
26:18 Scout Tower
26:20 Scout Tower
26:24 Guard Tower
26:27 Scout Tower
26:27 Scout Tower
26:28 Scout Tower
26:29 Scout Tower
26:30 Scout Tower
26:32 Scout Tower
26:32 Scout Tower
26:34 Scout Tower
26:51 Arcane Vault
26:53 Guard Tower
27:11 Guard Tower
27:17 Guard Tower
27:20 Guard Tower
27:23 Scout Tower
27:24 Scout Tower
28:38 Town Hall
28:54 Gryphon Aviary
29:17 Blacksmith
29:22 Arcane Sanctum
29:30 Scout Tower
29:31 Scout Tower
29:32 Scout Tower
29:33 Scout Tower
29:35 Scout Tower
29:36 Scout Tower
29:37 Scout Tower
29:38 Scout Tower
29:39 Scout Tower
29:40 Scout Tower
29:42 Scout Tower
29:42 Scout Tower
29:44 Scout Tower
29:52 Guard Tower
30:03 Town Hall
30:07 Scout Tower
30:08 Scout Tower
30:09 Scout Tower
30:09 Scout Tower
30:10 Scout Tower
30:11 Scout Tower
30:12 Scout Tower
30:12 Scout Tower
30:14 Scout Tower
30:15 Scout Tower
30:17 Scout Tower
30:18 Scout Tower
30:19 Scout Tower
30:21 Scout Tower
30:22 Scout Tower
30:23 Scout Tower
30:26 Scout Tower
30:27 Scout Tower
30:28 Scout Tower
30:28 Scout Tower
30:29 Scout Tower
30:29 Scout Tower
30:32 Scout Tower
30:33 Scout Tower
30:33 Scout Tower
30:34 Scout Tower
30:35 Scout Tower
30:35 Scout Tower
30:47 Guard Tower
30:56 Barracks
31:08 Guard Tower
32:28 Guard Tower
33:00 Guard Tower
33:14 Guard Tower
33:14 Guard Tower
33:47 Lumber Mill
33:51 Scout Tower
33:52 Scout Tower
33:53 Scout Tower
33:54 Scout Tower
33:54 Scout Tower
33:55 Scout Tower
33:56 Scout Tower
33:56 Scout Tower
33:58 Scout Tower
33:58 Scout Tower
33:59 Scout Tower
33:59 Scout Tower
34:03 Scout Tower
34:03 Scout Tower
34:04 Scout Tower
34:05 Scout Tower
34:06 Scout Tower
34:06 Scout Tower
34:08 Scout Tower
34:09 Scout Tower
34:15 Scout Tower
34:16 Scout Tower
34:17 Scout Tower
34:18 Scout Tower
34:18 Scout Tower
34:19 Scout Tower
34:25 Scout Tower
34:26 Scout Tower
34:27 Scout Tower
34:28 Scout Tower
34:29 Scout Tower
34:29 Scout Tower
34:35 Guard Tower
34:40 Guard Tower
34:51 Scout Tower
34:52 Scout Tower
34:53 Scout Tower
34:54 Scout Tower
34:55 Scout Tower
34:56 Scout Tower
34:56 Scout Tower
35:05 Keep
35:15 Guard Tower
35:34 Guard Tower
35:44 Guard Tower
35:47 Guard Tower
36:06 Guard Tower
36:06 Guard Tower
36:23 Guard Tower
36:36 Scout Tower
36:37 Scout Tower
36:37 Scout Tower
36:38 Scout Tower
36:39 Scout Tower
36:40 Scout Tower
36:45 Scout Tower
36:46 Scout Tower
36:47 Scout Tower
36:48 Scout Tower
36:49 Scout Tower
36:50 Scout Tower
36:51 Scout Tower
36:52 Scout Tower
36:54 Scout Tower
36:55 Scout Tower
36:56 Scout Tower
36:56 Scout Tower
37:00 Scout Tower
37:01 Scout Tower
37:12 Guard Tower
37:15 Guard Tower
37:23 Scout Tower
37:24 Scout Tower
37:26 Scout Tower
37:27 Scout Tower
37:28 Scout Tower
37:30 Scout Tower
37:31 Scout Tower
37:32 Scout Tower
37:33 Scout Tower
37:34 Scout Tower
37:35 Scout Tower
37:35 Scout Tower
37:37 Scout Tower
37:38 Scout Tower
37:40 Scout Tower
37:41 Scout Tower
37:42 Scout Tower
37:43 Scout Tower
37:44 Scout Tower
37:45 Scout Tower
37:47 Scout Tower
37:48 Scout Tower
37:49 Scout Tower
37:51 Scout Tower
37:53 Scout Tower
37:54 Scout Tower
37:56 Scout Tower
37:57 Scout Tower
37:59 Scout Tower
38:12 Altar of Kings
38:16 Guard Tower
38:20 Guard Tower
38:26 Guard Tower
38:26 Guard Tower
38:27 Guard Tower
38:48 Scout Tower
38:49 Scout Tower
38:49 Scout Tower
38:50 Scout Tower
38:50 Scout Tower
38:51 Scout Tower
38:53 Scout Tower
38:53 Scout Tower
38:54 Scout Tower
38:55 Scout Tower
38:56 Scout Tower
38:56 Scout Tower
38:58 Scout Tower
38:58 Scout Tower
38:59 Scout Tower
39:00 Scout Tower
39:00 Scout Tower
39:01 Scout Tower
39:12 Guard Tower
39:21 Guard Tower
39:21 Guard Tower
39:54 Guard Tower
40:45 Guard Tower
40:57 Guard Tower
40:58 Guard Tower
40:58 Guard Tower
41:04 Guard Tower
41:04 Guard Tower
41:05 Guard Tower
41:12 Guard Tower
41:12 Guard Tower
41:12 Guard Tower
41:19 Guard Tower
41:19 Guard Tower
41:40 Guard Tower
41:40 Guard Tower
41:45 Guard Tower
41:45 Guard Tower
41:45 Guard Tower
42:04 Guard Tower
42:41 Castle
43:10 Scout Tower
43:11 Scout Tower
43:13 Scout Tower
43:14 Scout Tower
43:15 Scout Tower
43:16 Scout Tower
43:18 Scout Tower
43:22 Scout Tower
43:23 Scout Tower
43:23 Scout Tower
43:24 Scout Tower
43:25 Scout Tower
43:30 Scout Tower
43:31 Scout Tower
43:32 Scout Tower
43:33 Scout Tower
43:34 Scout Tower
43:35 Scout Tower
44:01 Guard Tower
44:15 Guard Tower
44:50 Guard Tower
44:54 Scout Tower
44:56 Scout Tower
44:57 Scout Tower
44:59 Scout Tower
45:01 Scout Tower
45:01 Scout Tower
45:05 Scout Tower
45:07 Scout Tower
45:10 Scout Tower
45:11 Scout Tower
45:12 Scout Tower
45:13 Scout Tower
45:39 Guard Tower
46:31 Guard Tower
47:28 Guard Tower
47:31 Guard Tower
47:33 Guard Tower
47:44 Scout Tower
47:45 Scout Tower
47:46 Scout Tower
47:47 Scout Tower
47:48 Scout Tower
47:48 Scout Tower
47:51 Scout Tower
47:52 Scout Tower
47:53 Scout Tower
47:55 Scout Tower
47:56 Scout Tower
47:57 Scout Tower
48:00 Scout Tower
48:01 Scout Tower
48:02 Scout Tower
48:41 Guard Tower
50:19 Guard Tower
50:22 Guard Tower
51:05 Scout Tower
51:07 Scout Tower
51:09 Scout Tower
51:09 Scout Tower
51:11 Scout Tower
51:13 Scout Tower
51:14 Scout Tower
51:15 Scout Tower
51:17 Scout Tower
51:19 Scout Tower
51:20 Scout Tower
51:23 Scout Tower
51:23 Scout Tower
51:24 Scout Tower
51:28 Scout Tower
51:29 Scout Tower
51:30 Scout Tower
51:31 Scout Tower
51:31 Scout Tower
51:32 Scout Tower
» items
| Staff of Teleportation | 1 | |
| Boots of Speed | 1 | |
2 total

»
mamameyatj (
orange | 46 APM | 2354 actions | 51:37)
3 Blademaster
1 Wind Walk
2 Critical Strike
5 Warden
1 Blink
2 Shadow Strike
1 Spirit of Vengeance
1 Fan of Knives
7 Shadow Hunter
3 Hex
3 Healing Wave
1 Big Bad Voodoo
5 Priestess of the Moon
3 Trueshot Aura
1 Searing Arrows
1 Scout
» actions
| Assign group hotkey | 24 | |
| Basic commands | 243 | |
| Build / train | 127 | |
| Enter build submenu | 30 | |
| Enter hero's abilities submenu | 21 | |
| Give item / drop item | 4 | |
| Remove unit from queue | 4 | |
| Right click | 903 | |
| Select / deselect | 557 | |
| Select group hotkey | 336 | |
| Use ability | 104 | |
2354 total
» units
| Peon | 12 | |
| Archer | 1 | |
| Huntress | 1 | |
| Shaman | 5 | |
| Dryad | 18 | |
| Wisp | 3 | |
| Tauren | 18 | |
| Demolisher | 6 | |
64 total
» upgrades
| Strength of the Wild | 3 | |
| Reinforced Hides | 3 | |
| Melee Weapons | 2 | |
| Armor | 1 | |
| Abolish Magic | 1 | |
| Shaman Training | 2 | |
| Strength of the Moon | 0 | |
| Pulverize | 1 | |
| Reinforced Defenses | 1 | |
| Burning Oil | 1 | |
15 total
» buildings
| Orc Burrow | 8 | |
| Altar of Storms | 1 | |
| Voodoo Lounge | 1 | |
| War Mill | 1 | |
| Stronghold | 1 | |
| Moon Well | 2 | |
| Tree of Eternity | 1 | |
| Fortress | 1 | |
| Spirit Lodge | 1 | |
| Ancient of Lore | 2 | |
| Tauren Totem | 2 | |
| Ancient of Wonders | 2 | |
| Watch Tower | 2 | |
| Great Hall | 1 | |
| Barracks | 1 | |
27 total
» build order
00:16 Orc Burrow
00:26 Altar of Storms
01:09 Voodoo Lounge
01:44 War Mill
02:03 Orc Burrow
03:04 Stronghold
03:20 Orc Burrow
04:40 Moon Well
04:48 Orc Burrow
05:34 Tree of Eternity
05:44 Fortress
05:47 Spirit Lodge
06:01 Ancient of Lore
06:07 Ancient of Lore
07:49 Orc Burrow
08:10 Tauren Totem
08:15 Tauren Totem
10:15 Moon Well
10:26 Orc Burrow
12:47 Orc Burrow
17:33 Ancient of Wonders
19:40 Watch Tower
28:27 Great Hall
37:28 Watch Tower
39:12 Barracks
43:16 Ancient of Wonders
49:25 Orc Burrow
» items
| Healing Salve | 4 | |
| Lesser Clarity Potion | 3 | |
| Scroll of Speed | 2 | |
| Scroll of Town Portal | 1 | |
| Orb of Lightning | 5 | |
| Dust of Appearance | 1 | |
16 total
team 2 (loser)
bartender_Ryan (
red | 54 APM | 2806 actions | 51:36)
9 Blademaster
3 Critical Strike
3 Wind Walk
1 Bladestorm
2 Mirror Image
1 Dreadlord
1 Vampiric Aura
» actions
| Assign group hotkey | 34 | |
| Basic commands | 3 | |
| Build / train | 98 | |
| Enter build submenu | 61 | |
| Enter hero's abilities submenu | 9 | |
| Give item / drop item | 4 | |
| Right click | 1212 | |
| Select / deselect | 537 | |
| Select group hotkey | 653 | |
| Use ability | 195 | |
2806 total
» units
| Peon | 17 | |
| Troll Witch Doctor | 10 | |
| Tauren | 15 | |
| Frost Wyrm | 1 | |
43 total
» upgrades
| Spiked Barricades | 3 | |
| Melee Weapons | 3 | |
| Witch Doctor Training | 2 | |
| Pillage | 1 | |
| Armor | 1 | |
| Pulverize | 1 | |
| Freezing Breath | 1 | |
| Reinforced Defenses | 1 | |
13 total
» buildings
| Altar of Storms | 1 | |
| Orc Burrow | 10 | |
| War Mill | 1 | |
| Stronghold | 4 | |
| Watch Tower | 27 | |
| Fortress | 1 | |
| Spirit Lodge | 1 | |
| Tauren Totem | 2 | |
| Great Hall | 3 | |
| Beastiary | 1 | |
51 total
» build order
00:08 Altar of Storms
00:11 Orc Burrow
01:34 War Mill
02:59 Stronghold
02:59 Stronghold
03:00 Stronghold
03:18 Watch Tower
03:49 Watch Tower
04:15 Orc Burrow
04:38 Watch Tower
05:40 Fortress
06:27 Spirit Lodge
09:22 Tauren Totem
09:30 Tauren Totem
10:53 Watch Tower
10:58 Watch Tower
11:28 Watch Tower
11:31 Watch Tower
12:09 Orc Burrow
12:12 Orc Burrow
13:11 Orc Burrow
15:01 Great Hall
17:36 Great Hall
18:33 Orc Burrow
18:35 Orc Burrow
18:38 Orc Burrow
20:57 Watch Tower
21:00 Watch Tower
21:06 Watch Tower
22:30 Watch Tower
22:32 Watch Tower
25:56 Watch Tower
27:19 Watch Tower
29:49 Watch Tower
29:54 Orc Burrow
29:57 Orc Burrow
31:07 Watch Tower
32:58 Watch Tower
33:00 Watch Tower
33:31 Watch Tower
33:35 Watch Tower
34:19 Watch Tower
36:15 Watch Tower
36:18 Watch Tower
43:25 Great Hall
46:18 Watch Tower
47:32 Watch Tower
47:54 Watch Tower
50:50 Beastiary
50:52 Watch Tower
» items
| Circlet of Nobility | 3 | |
| Scroll of Town Portal | 1 | |
4 total
eddy666 (
yellow | 43 APM | 1033 actions | 24:14)
2 Dreadlord
1 Vampiric Aura
1 Carrion Swarm
2 Death Knight
1 Death Coil
1 Unholy Aura
» actions
| Assign group hotkey | 19 | |
| Basic commands | 17 | |
| Build / train | 64 | |
| Enter build submenu | 23 | |
| Enter hero's abilities submenu | 4 | |
| Remove unit from queue | 4 | |
| Right click | 323 | |
| Select / deselect | 314 | |
| Select group hotkey | 198 | |
| Use ability | 66 | |
1033 total
» units
| Acolyte | 9 | |
| Ghoul | 13 | |
| Crypt Fiend | 3 | |
| Gargoyle | 3 | |
| Necromancer | 3 | |
| Abomination | 3 | |
34 total
» upgrades
| Cannibalize | 1 | |
| Unholy Strength | 1 | |
| Creature Attack | 1 | |
| Unholy Armor | 1 | |
| Creature Carapace | 1 | |
| Burrow | 1 | |
| Stone Form | 1 | |
| Web | 1 | |
| Ghoul Frenzy | 1 | |
| Necromancer Training | 1 | |
| Disease Cloud | 1 | |
11 total
» buildings
| Altar of Darkness | 1 | |
| Crypt | 1 | |
| Ziggurat | 9 | |
| Tomb of Relics | 1 | |
| Graveyard | 1 | |
| Halls of the Dead | 1 | |
| Black Citadel | 1 | |
| Spirit Tower | 4 | |
| Slaughterhouse | 1 | |
| Temple of the Damned | 2 | |
| Sacrificial Pit | 2 | |
| Boneyard | 2 | |
26 total
» build order
00:11 Altar of Darkness
00:19 Crypt
00:36 Ziggurat
00:43 Ziggurat
00:45 Ziggurat
00:54 Ziggurat
04:42 Tomb of Relics
05:26 Graveyard
06:12 Halls of the Dead
08:39 Ziggurat
08:40 Ziggurat
09:41 Ziggurat
09:43 Ziggurat
09:48 Ziggurat
11:29 Black Citadel
11:33 Spirit Tower
11:37 Spirit Tower
12:37 Slaughterhouse
12:41 Temple of the Damned
12:53 Temple of the Damned
13:07 Sacrificial Pit
13:11 Sacrificial Pit
15:32 Boneyard
15:36 Boneyard
22:01 Spirit Tower
22:03 Spirit Tower
» items
| Dust of Appearance | 2 | |
| Potion of Healing | 1 | |
3 total
IoI (
pink | 106 APM | 1638 actions | 15:27)
4 Warden
2 Fan of Knives
2 Shadow Strike
» actions
| Assign group hotkey | 23 | |
| Build / train | 59 | |
| ESC pressed | 1 | |
| Enter build submenu | 19 | |
| Enter hero's abilities submenu | 4 | |
| Give item / drop item | 1 | |
| Remove unit from queue | 5 | |
| Right click | 917 | |
| Select / deselect | 393 | |
| Select group hotkey | 155 | |
| Use ability | 61 | |
1638 total
» units
| Wisp | 13 | |
| Archer | 3 | |
| Huntress | 11 | |
| Druid of the Claw | 6 | |
33 total
» upgrades
| Strength of the Moon | 1 | |
| Abolish Magic | 0 | |
| Druid of the Claw Training | 2 | |
| Mark of the Claw | 1 | |
| Upgrade Moon Glaive | 1 | |
5 total
» buildings
| Altar of Elders | 1 | |
| Moon Well | 7 | |
| Ancient of War | 1 | |
| Hunter's Hall | 1 | |
| Ancient of Wonders | 1 | |
| Tree of Ages | 2 | |
| Ancient Protector | 1 | |
| Ancient of Lore | 2 | |
| Tree of Eternity | 2 | |
18 total
» build order
00:09 Altar of Elders
00:26 Moon Well
00:50 Ancient of War
01:39 Moon Well
02:13 Hunter's Hall
02:30 Moon Well
02:57 Moon Well
03:03 Ancient of Wonders
03:54 Moon Well
04:27 Tree of Ages
04:27 Tree of Ages
05:47 Ancient Protector
06:50 Ancient of Lore
08:08 Tree of Eternity
09:55 Ancient of Lore
11:58 Moon Well
12:01 Moon Well
» items
| Lesser Clarity Potion | 1 | |
| Moonstone | 1 | |
2 total
Chat log
(00:57 / Allies) mamameyatj: hi
(02:42 / Allies) Blahsmack: blue
(02:43 / Allies) Blahsmack: plz
(02:45 / Allies) Blahsmack: leve me alobne
(02:49 / Allies) Chozzet: kk
(03:29 / Allies) Blahsmack: every fucking game
(15:55 / All) eddy666: pls 2v2
(24:49 / Allies) mamameyatj: what u fucing doing?
(24:53 / Allies) mamameyatj: fight asshole
(25:42 / Allies) mamameyatj: gieve me money
(31:50 / All) mamameyatj: make fucking unit asshole
(31:58 / Allies) mamameyatj: what u fucking doing?